Map: Acolyte LE

Players

SamuraiFunn - Winner!

  • Race: Protoss Protoss
  • Spawn Location: 1:00

A.I. 1 (Medium)

  • Race: Zerg Zerg
  • Spawn Location: 7:00

VOD

Have the link to the VOD?

Description

Time

  • Played on: Oct. 28, 2017, 12:16 p.m.
  • Length: 14:21
Show
View Real Time Build Order
Export as new Build Order

SamuraiFunn Protoss - Winner!

Build Orders:  

Get SALT Encoding   

  12  0:02  Probe (Chrono Boost)  
  13  0:12  Probe (Chrono Boost)  
  14  0:23  Probe (Chrono Boost)  
  14  0:26  Pylon  
  15  0:44  Probe (Chrono Boost)  
  16  0:53  Gateway  
  16  0:55  Probe (Chrono Boost)  
  17  1:03  Gateway  
  17  1:05  Probe (Chrono Boost)  
  17  1:06  Assimilator  
  18  1:16  Probe (Chrono Boost)  
  19  1:24  Pylon  
  19  1:26  Probe (Chrono Boost)  
  20  1:37  Probe (Chrono Boost)  
  23  1:40  Zealot  
  23  1:47  Probe (Chrono Boost)  
  23  1:51  Zealot  
  26  1:58  Probe (Chrono Boost)  
  27  2:06  Pylon  
  27  2:10  Gateway  
  27  2:17  Forge  
  27  2:21  Assimilator  
  27  2:22  Probe (Chrono Boost)  
  28  2:24  Zealot  
  30  2:33  Probe (Chrono Boost)  
  30  2:44  Zealot  
  32  2:51  Probe (Chrono Boost), Zealot  
  32  2:52  Pylon  
  35  3:00  Pylon  
  35  3:02  Probe (Chrono Boost)  
  35  3:04  Protoss Shields Level 1  
  36  3:15  Cybernetics Core  
  36  3:26  Probe (Chrono Boost)  
  37  3:37  Probe (Chrono Boost)  
  37  3:38  Zealot  
  40  4:19  Adept  
  42  4:36  Pylon  
  42  4:43  Nexus  
  42  4:44  Probe (Chrono Boost)  
  43  4:49  Pylon  
  43  4:54  Probe (Chrono Boost)  
  43  4:56  Pylon  
  43  4:58  Protoss Ground Weapons Level 1  
  44  5:03  Adept  
  44  5:05  Probe (Chrono Boost), Adept  
  44  5:06  Adept  
  51  5:15  Probe (Chrono Boost)  
  52  5:26  Probe (Chrono Boost)  
  53  5:30  Adept  
  53  5:31  Gateway  
  55  5:37  Adept  
  57  5:47  Zealot  
  59  5:57  Adept  
  59  6:03  Robotics Facility  
  61  6:04  Stalker  
  61  6:05  Warp Gate  
  63  6:19  Gateway  
  63  6:26  Pylon  
  63  6:34  Adept x3  
  63  6:35  Adept  
  71  6:43  Probe (Chrono Boost)  
  72  6:49  Assimilator  
  72  6:53  Protoss Ground Armor Level 1  
  73  6:54  Probe (Chrono Boost), Assimilator  
  73  7:01  Stalker, Adept  
  75  7:05  Probe (Chrono Boost)  
  78  7:15  Probe (Chrono Boost)  
  79  7:24  Nexus  
  79  7:26  Probe (Chrono Boost)  
  79  7:27  Pylon  
  80  7:32  Pylon  
  82  7:46  Observer  
  83  8:05  Adept  
  83  8:06  Stalker  
  83  8:08  Observer  
  86  8:19  Adept  
  88  8:20  Adept  
  90  8:33  Assimilator  
  90  8:37  Probe (Chrono Boost), Assimilator  
  91  8:47  Probe (Chrono Boost)  
  92  8:53  Stalker x5  
  102  8:58  Probe (Chrono Boost)  
  97  9:08  Probe (Chrono Boost)  
  77  9:19  Probe (Chrono Boost)  
  77  9:23  Adept, Stalker x3  
  77  9:24  Adept  
  79  9:51  Adept x2  
  81  9:53  Adept x2  
  81  9:56  Adept  
  83  10:24  Adept  
  83  10:25  Twilight Council  
  81  11:23  Adept x5  
  87  11:50  Adept x5  
  97  12:17  Adept x5  
  105  12:44  Stalker x4  
  109  13:06  Stalker  
  105  13:14  Adept, Stalker x3  
  107  13:36  Stalker  
  103  13:42  Adept  
  103  13:44  Adept x3  
Show
View Real Time Build Order
Export as new Build Order

A.I. 1 (Medium) Zerg 

Build Orders: Hatch First 

Get SALT Encoding   

  12  0:00  Drone  
  13  0:12  Overlord  
  13  0:17  Drone  
  14  0:30  Drone  
  14  0:33  Drone  
  16  0:36  Drone  
  17  0:55  Hatchery  
  17  0:56  Drone  
  17  1:11  Spawning Pool  
  17  1:13  Drone  
  17  1:16  Drone  
  18  1:20  Extractor  
  18  1:21  Drone  
  18  1:29  Overlord  
  18  1:59  Zergling x2  
  18  2:00  Zergling x2, Queen  
  23  2:01  Zergling x2, Roach Warren  
  23  2:03  Extractor  
  23  2:07  Drone  
  22  2:10  Drone  
  23  2:23  Baneling Nest  
  23  2:26  Drone  
  23  2:31  Zergling x2  
  23  2:34  Zergling x2  
  25  2:39  Zergling x2  
  26  2:54  Roach  
  28  2:58  Overlord  
  28  3:09  Drone, Roach  
  31  3:13  Drone  
  31  3:17  Drone  
  33  3:20  Drone  
  33  3:23  Drone  
  33  3:24  Baneling x2  
  35  3:28  Lair  
  35  3:46  Drone  
  36  3:51  Overlord  
  36  3:57  Roach  
  38  4:11  Extractor  
  38  4:12  Drone, Roach  
  40  4:21  Overlord  
  40  4:24  Drone  
  40  4:27  Roach  
  40  4:28  Hydralisk Den, Drone  
  40  4:31  Drone  
  44  4:34  Drone  
  44  4:36  Drone  
  46  4:41  Drone  
  46  4:44  Drone  
  48  4:47  Drone  
  48  4:50  Drone  
  50  4:56  Overlord  
  50  4:59  Hydralisk, Drone  
  51  5:02  Drone  
  51  5:05  Drone  
  55  5:07  Drone  
  55  5:11  Drone  
  55  5:13  Drone  
  58  5:14  Hydralisk  
  58  5:16  Drone  
  58  5:17  Overlord  
  61  5:23  Drone  
  61  5:26  Drone  
  63  5:34  Roach  
  65  5:36  Drone  
  66  5:44  Overlord  
  66  5:45  Drone  
  66  5:48  Drone  
  66  5:49  Roach  
  70  5:56  Overseer  
  70  5:58  Overseer  
  70  6:02  Drone, Evolution Chamber  
  70  6:04  Roach  
  72  6:05  Drone  
  72  6:07  Overlord  
  72  6:08  Drone  
  74  6:13  Spore Crawler  
  74  6:16  Spore Crawler  
  74  6:17  Drone  
  73  6:19  Drone, Roach  
  73  6:20  Spore Crawler  
  73  6:22  Drone  
  73  6:23  Spore Crawler  
  76  6:25  Drone  
  76  6:28  Overlord  
  76  6:30  Drone  
  77  6:36  Queen  
  77  6:39  Drone  
  80  6:40  Hydralisk  
  80  6:41  Spine Crawler  
  81  6:47  Spine Crawler  
  81  6:49  Drone  
  81  6:51  Spine Crawler  
  81  6:52  Drone  
  81  6:54  Drone  
  81  6:55  Hydralisk  
  81  6:57  Drone, Spine Crawler  
  81  7:01  Drone  
  85  7:02  Queen  
  85  7:05  Overlord  
  87  7:11  Infestation Pit  
  87  7:12  Roach  
  88  7:16  Drone  
  88  7:17  Spire  
  88  7:20  Drone  
  89  7:23  Drone, Evolution Chamber  
  89  8:06  Extractor  
  88  8:28  Drone  
  88  8:31  Drone  
  90  8:47  Pneumatized Carapace  
  90  8:48  Overseer, Metabolic Boost, Overlord x3, Hive  
  90  8:49  Zerg Melee Weapons Level 1, Zerg Ground Armor Level 1  
  89  8:58  Zergling x2  
  74  9:10  Hydralisk  
  70  9:22  Hydralisk  
  66  9:31  Burrow  
  63  9:35  Hydralisk  
  65  9:47  Hydralisk  
  58  10:00  Zergling x2, Greater Spire  
  58  10:03  Ultralisk Cavern  
  58  10:11  Hydralisk  
  58  10:12  Queen  
  50  10:21  Hatchery  
  50  10:24  Hydralisk  
  50  10:27  Drone  
  47  10:30  Drone  
  47  10:34  Drone  
  45  10:36  Hydralisk  
  45  10:37  Drone  
  45  10:39  Drone x3  
  45  10:40  Drone  
  45  10:41  Queen  
  48  10:43  Zerg Missile Weapons Level 1, Drone  
  48  10:46  Drone  
  48  10:48  Hydralisk, Queen  
  50  10:59  Overseer  
  50  11:00  Drone  
  50  11:01  Zergling x2  
  50  11:03  Drone  
  43  11:06  Drone  
  43  11:08  Drone  
  40  11:12  Zergling x2, Drone  
  40  11:14  Drone, Spine Crawler  
  40  11:16  Spire  
  40  11:17  Queen, Drone  
  37  11:19  Zergling x2  
  37  11:20  Drone  
  37  11:23  Queen, Drone  
  36  11:26  Drone  
  36  11:27  Roach  
  36  11:29  Drone  
  37  11:33  Mutalisk  
  37  11:39  Drone  
  35  11:41  Zergling x2  
  35  11:42  Drone  
  35  11:45  Drone  
  35  11:48  Drone, Roach  
  35  11:51  Drone  
  38  11:55  Mutalisk  
  38  11:56  Drone  
  38  11:59  Drone  
  34  12:03  Zergling x2  
  34  12:10  Roach  
  34  12:11  Hatchery  
  31  12:16  Mutalisk  
  31  12:20  Extractor  
  26  12:24  Zergling x2  
  26  12:31  Drone  
  26  12:36  Hydralisk  
  26  12:45  Hydralisk  
  26  12:49  Queen  
  26  12:50  Ultralisk  
  31  12:57  Drone  
  30  13:03  Zergling x2  
  31  13:05  Drone x2  
  31  13:06  Queen  
  31  13:10  Zergling x2  
  27  13:17  Drone  
  26  13:24  Drone  
  21  13:28  Drone  
  22  13:35  Drone  
  20  13:49  Hatchery  
  20  13:53  Drone  
Tags
 
Matchup
PvZ
Replay Pack
First 100 games
Spawn Locations
Cross Positions
Add a new tag
Caveats
  • Supply blocks, unpowered buildings, or Contaminate may cause inaccurate times.
  • Supply counts are checked every 10 seconds.